Map: Orbital Shipyard

Players

LilDicky - Winner!

  • Race: Terran Terran
  • League: Gold

Voir

  • Race: Terran Terran
  • League: Platinum

VOD

http://www.twitch.tv/tumescentpie

Description

Time

  • Played on: Nov. 20, 2015, 12:15 a.m.
  • Length: 19:44
Show
View Real Time Build Order
Export as new Build Order

LilDicky Terran - Winner!

Build Orders: Command Center First (CC), Mech, Banshee Rush 

Get SALT Encoding   

  12  0:02  SCV  
  13  0:14  SCV  
  14  0:22  Supply Depot  
  14  0:26  SCV  
  15  0:43  SCV  
  16  0:55  SCV  
  17  1:02  Command Center  
  17  1:07  SCV  
  18  1:15  Barracks  
  18  1:21  Refinery  
  18  1:23  SCV  
  19  1:35  SCV  
  20  1:47  SCV  
  21  2:01  SCV  
  21  2:02  Marine  
  21  2:04  Supply Depot  
  23  2:13  Orbital Command  
  23  2:15  Orbital Command  
  23  2:22  Marine  
  24  2:29  Factory  
  24  2:42  Marine  
  24  2:43  SCV  
  26  2:46  SCV  
  26  2:49  Refinery  
  27  2:55  SCV  
  27  2:58  SCV  
  29  2:59  Marine  
  30  3:07  SCV  
  30  3:10  SCV  
  32  3:15  Factory Tech Lab, Starport  
  32  3:19  SCV  
  33  3:22  SCV  
  34  3:29  Marine  
  34  3:31  SCV  
  36  3:48  SCV x2  
  40  3:52  Supply Depot  
  38  3:59  Cloaking Field, Marine  
  38  4:00  SCV, Banshee  
  38  4:01  Widow Mine  
  38  4:02  Supply Depot, SCV  
  46  4:06  Engineering Bay  
  46  4:10  Command Center  
  46  4:13  SCV  
  46  4:16  SCV, Marine  
  44  4:42  SCV  
  42  4:59  Widow Mine  
  42  5:00  Banshee  
  47  5:08  Engineering Bay  
  47  5:09  SCV  
  47  5:11  Refinery x2  
  47  5:12  SCV  
  49  5:17  Command Center  
  49  5:21  SCV, Marine  
  50  5:24  SCV, Orbital Command  
  50  5:26  Supply Depot  
  52  5:31  Factory Tech Lab  
  52  5:33  SCV  
  53  5:48  Raven  
  53  5:50  Missile Turret  
  53  5:52  Missile Turret  
  49  6:20  Siege Tank  
  46  6:35  SCV x2  
  46  6:42  Factory  
  46  6:43  Factory  
  45  6:52  Missile Turret  
  45  6:54  Siege Tank  
  45  6:55  Missile Turret  
  45  6:57  Orbital Command  
  45  6:59  SCV x2  
  50  7:02  SCV  
  51  7:11  SCV x2, Banshee  
  51  7:14  SCV  
  57  7:17  Infernal Pre-Igniter  
  57  7:23  SCV x2  
  57  7:28  Missile Turret  
  59  7:37  SCV  
  59  7:38  SCV x3  
  59  7:42  Marine  
  64  7:45  Factory Tech Lab  
  64  7:46  Factory Reactor  
  64  7:50  SCV x4, Starport  
  68  7:52  Refinery  
  68  7:53  Refinery  
  68  8:02  SCV x2  
  70  8:06  SCV x2  
  72  8:14  Sensor Tower  
  72  8:15  Command Center  
  72  8:17  Sensor Tower, Marine  
  72  8:18  Banshee  
  72  8:19  Siege Tank  
  76  8:20  Siege Tank  
  79  8:31  Missile Turret  
  79  8:34  Missile Turret  
  79  8:38  Starport Reactor  
  79  8:41  Corvid Reactor  
  79  8:42  Sensor Tower  
  79  8:44  Hellion x2  
  79  8:46  SCV  
  79  8:47  SCV  
  85  8:51  Marine  
  85  8:53  SCV  
  85  8:54  SCV  
  88  9:01  Command Center, Banshee, Armory x2  
  91  9:03  Supply Depot  
  91  9:09  Supply Depot  
  91  9:15  SCV x3, Missile Turret, Supply Depot  
  91  9:16  SCV  
  95  9:20  Siege Tank  
  95  9:21  Hellion  
  95  9:22  Mag-Field Accelerator  
  100  9:25  Hellion, Siege Tank  
  100  9:27  SCV x2  
  100  9:31  Supply Depot, Orbital Command  
  107  9:38  SCV  
  108  9:45  Factory  
  108  9:46  Factory  
  108  9:54  Hellion x2  
  108  9:55  Viking x2  
  108  9:59  Raven  
  118  10:01  Supply Depot  
  118  10:08  SCV  
  119  10:23  SCV x3  
  119  10:24  SCV  
  123  10:34  Missile Turret, Orbital Command  
  123  10:35  SCV x2  
  125  10:49  Orbital Command  
  122  10:53  Banshee  
  122  10:55  Viking x2  
  129  11:09  Supply Depot  
  129  11:17  SCV x2  
  129  11:18  SCV, Missile Turret  
  129  11:31  SCV x2  
  131  11:35  Hellion x3, Starport  
  131  11:38  Factory Reactor x2  
  137  11:46  Orbital Command  
  137  12:05  Missile Turret  
  137  12:06  Missile Turret  
  137  12:09  Refinery x2, Missile Turret  
  137  12:11  Missile Turret  
  137  12:14  SCV x3  
  140  12:22  Starport Reactor  
  140  12:28  Siege Tank x2  
  146  12:38  Terran Vehicle And Ship Armor Level 1, Terran Vehicle Weapons Level 1  
  146  12:41  Fusion Core  
  146  12:42  Armory  
  146  13:00  Siege Tank  
  146  13:02  Viking x2, Raven  
  146  13:03  Viking x2, Refinery  
  159  13:07  Refinery  
  159  13:16  Starport  
  159  13:17  Starport  
  159  13:18  Starport, Building Armor  
  159  13:19  Starport  
  159  13:28  Missile Turret  
  159  13:29  Missile Turret x2  
  159  13:32  Missile Turret  
  159  13:33  Missile Turret  
  159  13:45  Raven  
  161  13:49  Hellion x4  
  161  13:50  Hellion x3  
  175  13:56  Missile Turret, Behemoth Reactor  
  175  13:57  Advanced Ballistics  
  175  14:01  Starport Tech Lab x4  
  175  14:05  Drilling Claws  
  175  14:25  Command Center  
  175  14:43  Thor  
  181  14:46  Battlecruiser x2  
  181  14:47  Battlecruiser  
  199  15:14  Weapon Refit  
  199  15:18  Terran Vehicle Weapons Level 2, Terran Ship Weapons Level 1, Terran Vehicle And Ship Armor Level 2  
  198  15:28  Command Center  
  198  15:29  Liberator x3  
  198  15:30  Liberator  
  197  15:36  Supply Depot  
  197  15:37  Supply Depot  
  172  15:43  Command Center  
  172  15:48  Thor x2, Widow Mine x3  
  172  15:49  Widow Mine x3  
  176  15:51  Planetary Fortress  
  178  15:59  Command Center  
  178  16:00  Command Center  
  178  16:02  Command Center, Missile Turret  
  174  16:05  Missile Turret  
  174  16:08  Missile Turret  
  151  16:17  Widow Mine  
  136  16:28  Liberator x4  
  136  16:31  Refinery  
  126  16:36  Refinery  
  126  16:44  Banshee x2, Viking  
  146  16:47  Hellion x2  
  146  16:48  Hellion x4  
  146  16:50  Thor x2  
  170  16:54  Planetary Fortress  
  170  16:56  Planetary Fortress  
  170  17:00  Missile Turret  
  170  17:20  Planetary Fortress x2  
  170  17:22  Planetary Fortress  
  170  17:25  Command Center  
  170  17:27  Command Center  
  170  17:28  Command Center, Battlecruiser x2, Missile Turret  
  182  17:30  Battlecruiser, Missile Turret  
  188  17:38  Refinery  
  178  18:41  Hellion x6  
  188  18:43  Planetary Fortress  
  188  18:46  Planetary Fortress, Missile Turret  
  188  18:49  Missile Turret  
  188  18:57  Missile Turret  
  188  19:05  Hellion x3  
  188  19:06  Hellion x3  
  200  19:19  Missile Turret  
  199  19:26  Refinery  
  199  19:28  Refinery  
Show
View Real Time Build Order
Export as new Build Order

Voir Terran 

Build Orders: 1/1/1 

Get SALT Encoding   

  12  0:00  SCV  
  13  0:13  SCV  
  14  0:17  Supply Depot  
  14  0:26  Refinery  
  14  0:28  SCV  
  15  0:40  SCV  
  16  0:45  Barracks  
  16  0:58  SCV  
  16  0:59  Supply Depot  
  17  1:12  SCV  
  18  1:25  SCV  
  19  1:36  Factory  
  19  1:38  Orbital Command  
  19  1:44  Refinery  
  19  1:47  Marine  
  20  2:05  Marine  
  20  2:08  SCV  
  22  2:21  Starport  
  22  2:22  Hellion  
  24  2:23  Marine  
  24  2:24  SCV  
  25  2:39  SCV  
  25  2:44  Hellion, Marine  
  28  2:46  Supply Depot  
  29  2:57  SCV  
  30  3:01  Supply Depot  
  30  3:07  Medivac  
  32  3:20  Command Center  
  32  3:24  SCV  
  33  3:30  Factory Tech Lab  
  33  3:33  Marine  
  34  3:37  SCV  
  34  3:39  Starport Tech Lab  
  35  3:49  SCV  
  35  3:50  Siege Tank  
  35  3:54  Engineering Bay  
  39  3:57  Banshee  
  39  3:58  Marine  
  43  4:03  SCV  
  44  4:12  Supply Depot  
  44  4:15  SCV  
  45  4:27  SCV  
  42  4:45  Siege Tank  
  44  5:04  Missile Turret  
  44  5:06  Missile Turret, Orbital Command  
  44  5:13  Marine  
  45  5:18  Missile Turret  
  45  5:20  SCV  
  46  5:22  Viking, Siege Tank  
  51  5:30  Marine  
  52  5:38  Refinery  
  52  5:44  Barracks  
  52  5:47  Barracks  
  51  5:51  Missile Turret  
  51  6:06  SCV  
  53  6:18  SCV, Marine  
  53  6:19  Siege Tank  
  53  6:23  SCV  
  58  6:30  SCV, Viking  
  61  6:36  SCV, Barracks Reactor, Marine  
  61  6:37  Barracks Reactor  
  61  6:38  Barracks Tech Lab  
  63  6:42  SCV  
  64  6:48  SCV  
  64  6:52  Siege Tank  
  68  6:54  Supply Depot, Marine  
  68  6:56  Supply Depot  
  68  7:00  SCV  
  70  7:03  Combat Shields  
  70  7:16  Marine  
  70  7:22  Marine x3  
  74  7:24  Siege Tank  
  77  7:30  Cloaking Field  
  77  7:33  SCV, Marine  
  79  7:40  Marine x2  
  81  7:45  SCV  
  81  7:48  SCV, Missile Turret  
  83  7:56  Siege Tank  
  83  7:57  SCV  
  86  8:14  SCV  
  86  8:15  SCV  
  86  8:27  Stimpack  
  86  8:46  Command Center  
  86  8:55  Missile Turret  
  86  8:56  Supply Depot  
  86  8:58  Supply Depot  
  86  9:01  Supply Depot  
  86  9:13  Missile Turret  
  86  9:14  Starport  
  86  9:16  Armory, Starport  
  86  9:17  SCV x2, Marine x3  
  86  9:22  Armory  
  86  9:23  Supply Depot  
  91  9:24  Supply Depot  
  91  9:29  SCV x2, Refinery  
  93  9:42  SCV x2  
  95  9:47  Marine  
  96  9:54  Barracks Reactor, SCV x2  
  96  9:59  Starport Reactor  
  98  10:00  Refinery, Starport Reactor  
  98  10:01  Planetary Fortress  
  98  10:03  Refinery  
  98  10:06  SCV x2  
  100  10:18  SCV x2  
  100  10:21  Banshee, Liberator x2  
  102  10:23  Liberator  
  105  10:30  SCV x2  
  107  10:42  SCV x2  
  118  10:47  Liberator  
  116  10:54  SCV  
  117  11:03  Missile Turret  
  117  11:07  SCV  
  117  11:10  Missile Turret  
  121  11:19  SCV  
  122  11:26  Starport Reactor  
  122  11:31  Missile Turret  
  122  11:35  SCV  
  122  11:36  SCV x2  
  125  11:48  SCV  
  125  11:51  Viking  
  125  11:53  Starport Reactor  
  128  11:59  Terran Vehicle And Ship Armor Level 1, Marine, Starport, Terran Ship Weapons Level 1  
  128  12:00  Marine x4  
  133  12:02  SCV  
  133  12:07  Command Center  
  134  12:14  SCV  
  135  12:16  Supply Depot  
  135  12:17  Supply Depot, Marine x2  
  135  12:20  Liberator x2  
  135  12:21  Liberator x3  
  137  12:26  SCV  
  137  12:29  Siege Tank  
  141  12:30  Missile Turret  
  141  12:37  Supply Depot  
  141  12:38  SCV  
  141  12:39  Supply Depot  
  141  12:41  Supply Depot  
  141  12:42  Supply Depot  
  157  12:45  Supply Depot  
  157  12:46  Supply Depot  
  157  12:54  Fusion Core  
  157  12:59  SCV  
  157  13:03  Starport Reactor, Liberator x2  
  157  13:04  Liberator x2  
  158  13:13  Starport Reactor  
  158  13:20  Planetary Fortress, Supply Depot  
  158  13:22  Supply Depot  
  158  13:24  Viking  
  172  13:53  Viking  
  174  13:57  Refinery  
  174  14:00  Refinery  
  174  14:04  Banshee  
  174  14:05  Supply Depot  
  174  14:07  Barracks  
  174  14:09  Barracks  
  177  14:12  Barracks  
  177  14:14  SCV  
  178  14:18  Barracks  
  178  14:19  SCV x3  
  181  14:26  SCV  
  181  14:28  Supply Depot  
  181  14:30  Supply Depot  
  182  14:31  SCV x3  
  185  14:38  SCV  
  185  14:43  SCV x2  
  185  14:44  SCV, Siege Tank  
  185  14:45  Marine x5  
  195  14:47  Banshee  
  195  14:52  Terran Infantry Weapons Level 1  
  200  14:53  Terran Ship Weapons Level 2, Terran Vehicle And Ship Armor Level 2  
  200  15:04  Supply Depot  
  200  15:05  Supply Depot  
  191  15:47  Siege Tank  
  178  15:52  Marine x3  
  178  15:54  Banshee  
  131  16:20  Siege Tank  
  121  16:27  Viking  
  121  16:28  Viking x4  
  122  16:36  Banshee  
  119  16:52  Siege Tank  
  122  16:54  Advanced Ballistics  
  122  17:07  Liberator  
  122  17:08  Barracks Tech Lab  
  122  17:11  Barracks Reactor  
  122  17:18  Barracks Reactor  
  122  17:19  Banshee  
  125  17:23  Viking x3  
  125  17:24  Command Center, Siege Tank  
  137  17:31  Engineering Bay  
  137  17:53  Marine x6  
  137  17:54  Marine x4  
  147  17:59  Liberator x3  
  147  18:02  Banshee  
  147  18:03  Barracks  
  150  18:05  Barracks  
  150  18:08  Barracks  
  150  18:11  Marine  
  150  18:12  Barracks  
  151  18:15  Barracks  
  151  18:18  Barracks, Marine x8  
  151  18:19  Marine  
  167  18:28  Marine  
  168  18:45  Banshee  
  171  18:49  Marine x8  
  171  18:50  Marine x2  
  171  18:53  Orbital Command  
  171  18:54  Barracks Reactor  
  171  18:55  Barracks Reactor  
  180  19:00  Barracks Reactor  
  180  19:06  Marine x2  
  182  19:13  Marine  
  182  19:14  Marine x5  
Tags
 
Add a new tag
Caveats
  • Supply blocks, unpowered buildings, or Contaminate may cause inaccurate times.
  • Supply counts are checked every 10 seconds.